 Dungeon Crawl Stone Soup version 0.29-a0-40-g8eb35efe60 (webtiles) character file.

Game seed: 2216316682266853825

67 kae the Ruffian (level 3, -1/29 HPs)
             Began as a Draconian Transmuter on Feb 1, 2022.
             Killed by nerve-wracking pain
             ... invoked by Jessica
              (13 damage)
             ... on level 2 of the Dungeon.
             The game lasted 00:01:08 (2136 turns).

kae the Ruffian (Draconian Transmuter)              Turns: 2136, Time: 00:01:09

Health: -1/29      AC:  2    Str: 12    XL:     3   Next: 98%
Magic:  3/6        EV: 19    Int: 15    God:
Gold:   3          SH:  0    Dex: 16    Spells: 2/6 levels left

rFire   . . .      SeeInvis .     - Unarmed
rCold   . . .      Faith    .   (shield currently unavailable)
rNeg    . . .      Spirit   .   (armour unavailable)
rPois   x          Reflect  .   (helmet currently unavailable)
rElec   .          Harm     .   (cloak currently unavailable)
rCorr   .          Rampage  .   (gloves currently unavailable)
Will    .....                   (boots currently unavailable)
Stlth   +.........              (no amulet)
HPRegen 0.09/turn               (no ring)
MPRegen 0.10/turn               (no ring)

@: lethally poisoned (-1 -> -3), spider-form
A: venomous fangs, AC +5, tiny, unfitting armour, (cold-blooded)
a: End Transformation


You were on level 2 of the Dungeon.
You were a venomous arachnid creature.
You visited 1 branch of the dungeon, and saw 2 of its levels.

You collected 23 gold pieces.
You spent 20 gold pieces at shops.

Inventory:

Scrolls
 b - a scroll of amnesia {unknown}
 c - a scroll of noise {unknown}
Potions
 a - a potion of brilliance {unknown}


   Skills:
 + Level 1.7 Fighting
 + Level 2.1 Dodging
 * Level 3.5 Unarmed Combat
 + Level 2.3 Spellcasting
 * Level 2.7 Transmutations
 * Level 0.9 Poison Magic


You had 2 spell levels left.
You knew the following spells:

 Your Spells              Type           Power      Damage    Failure   Level
a - Beastly Appendage     Tmut           20%        N/A       19%         1
b - Spider Form           Tmut/Pois      7%         N/A       52%         3

Your spell library contained the following spells:

 Spells                   Type           Power      Damage    Failure   Level
 Sting                    Tmut/Pois      28%        1d4       24%         1
 Wereblood                Tmut           10%        N/A       26%         2
 Slow                     Hex            4%         N/A       43%         1
 Poisonous Vapours        Pois/Air       6%         N/A       47%         2
 Confusing Touch          Hex            1%         N/A       75%         3
 Portal Projectile        Hex/Tloc       2%         N/A       75%         3
 Vampiric Draining        Necr           1%         2d6       75%         3
 Ice Form                 Ice/Tmut       5%         N/A       90%         4
 Olgreb's Toxic Radiance  Pois           4%         N/A       93%         4
 Blade Hands              Tmut           5%         N/A       96%         5
 Excruciating Wounds      Necr           0%         N/A       100%        5


Dungeon Overview and Level Annotations

Branches:
Dungeon (2/15)

Altars:

Shops:
D:1 (*[

Annotations:
D:2 Jessica


Innate Abilities, Weirdness & Mutations

You are a venomous arachnid creature.
You have poisonous fangs.
You are tiny and dextrous.
Your spellcasting is less reliable in this form.
Your armour is entirely melded.
You are incapable of wielding weapons or throwing items.
((Your plain brown scales are hard. (AC +5)))
You cannot fit into any form of body armour.
((You are cold-blooded and may be slowed by cold attacks.))


Message History

You feel sick. The adder bites you. The adder closely misses you.
Jessica hits you but does no damage.
You are too injured to fight recklessly!
You are too injured to fight recklessly!
You are too injured to fight recklessly!
You are too injured to fight recklessly!
You are too injured to fight recklessly!
You are too injured to fight recklessly!
You closely miss the adder.
The adder is severely wounded.
You feel sick. The adder bites you. Jessica hits you with a +0 dagger.
You hit the adder.
The adder is severely wounded.
You feel sick.
You are no longer poisoned.
Jessica gestures wildly while chanting.
Jessica blinks!
The adder misses you.
You feel better. The adder bites you.
You are poisoned.
The adder poisons you!
Casting: Beastly Appendage (safe; 7% risk of failure)
Confirm with . or Enter, or press ? or * to list all spells.
The spell is extremely dangerous to miscast (30% risk of failure)!
Continue anyway? [Y]es or [N]o only, please.
The spell is extremely dangerous to miscast (30% risk of failure)!
Continue anyway?
You turn into a venomous arachnid creature.
You feel sick. The adder misses you.
Jessica casts a spell.
Jessica blinks!
The adder barely misses you.
You hit the adder.
The adder is poisoned.
The adder is almost dead.
You feel sick. Jessica completely misses you. The adder closely misses you.
Jessica barely misses you.
You hit Jessica.
Jessica is severely wounded.
You feel sick.
You kill the adder!
Jessica points at you and mumbles some strange words.
Pain shoots through your body!
You die...

#.# #.# #.# #####.
#.# ...... . #.#
.....# #.# #§#
###### #...###.# #
#....@# ###
##...s#
..###########...†#
<..........##....#
#..........###...#
##.........# #...#
#.........# #...#
#.........# #...#
#.........# #...#
#.........#


You could see Jessica (fast).

Vanquished Creatures
  A gnoll (D:1)
  2 adders (D:2)
  A worm (D:2)
  A dart slug (D:1)
  8 ball pythons
  4 endoplasms (D:1)
  2 giant cockroaches (D:1)
  4 hobgoblins
  A kobold (D:2)
  A quokka (D:1)
  2 bats (D:1)
  4 frilled lizards
  6 goblins
  4 rats
41 creatures vanquished.

Notes
Turn   | Place    | Note
-------+----------+-------------------------------------------
     0 | D:1      | kae the Draconian Transmuter began the quest for the Orb.
     0 | D:1      | Reached XP level 1. HP: 16/16 MP: 3/3
   264 | D:1      | Reached XP level 2. HP: 16/23 MP: 3/5
   816 | D:1      | Found Vusmoppo's Assorted Antiques.
   842 | D:1      | Reached XP level 3. HP: 28/28 MP: 4/6
   846 | D:1      | Learned a level 3 spell: Spider Form
   866 | D:1      | Found Roner's Armour Shoppe.
   953 | D:1      | Found a faded altar of an unknown god.
  1153 | D:1      | Found Sesigy's Antique Weapon Boutique.
  1423 | D:1      | Bought a bubbling cyan potion for 20 gold pieces
  2120 | D:2      | Noticed Jessica
  2136 | D:2      | Killed from afar by Jessica

Illustrated notes

Levels and vault maps discovered:
D:1:      mrwooster_arrival_statue_3, layout_basic,
          shapermc_ecumenical_altar_mp_urbaneastern, serial_shops,
          nicolae_shop_waterfront, shop, nicolae_shop_overgrown_old_shop,
          nrook_mini_vaults
D:2:      layout_rooms, uniq_jessica

Skill      XL: |  1  2  3 |
---------------+----------+-----
Dodging        | 2 |  2.1
Fighting       | |  1.7
Unarmed Combat | |  3.5
Spellcasting   | |  2.3
Transmutations | |  2.7
Poison Magic   | |  0.9

Action                   || total
-------------------------++-------
Melee: Unarmed           ||   104
       Kick              ||    13
       Headbutt          ||    15
       Tailslap          ||    13
       Punch             ||     4
 Cast: Beastly Appendage ||    28
       Spider Form       ||     1
  Use: Scroll            ||     5
       Potion            ||     1
 Stab: Sleeping          ||     1
Armor: Skin              ||    34
Dodge: Dodged            ||    72

Table legend: (Time is in decaauts)
 A = Elapsed time spent in this place.
 B = Non-inter-level travel time spent in this place.
 C = Inter-level travel time spent in this place.
 D = Time resting spent in this place.
 E = Time spent auto-exploring this place.
 F = Levels seen in this place.
 G = Mean time per level.
                   A        B        C        D        E       F      G
               +--------+--------+--------+--------+--------+-----+--------+
         Total |   2128 |   1998 |    130 |      0 |   1686 |   2 | 1064.0 |
       Dungeon |   2128 |   1998 |    130 |      0 |   1686 |   2 | 1064.0 |
               +--------+--------+--------+--------+--------+-----+--------+

Top non-repeatable levels by time:
     D:1: 1594 daAuts
     D:2: 534 daAuts
